Map: Jagannatha LE

Players

TwinkleToSS

  • Race: Protoss Protoss
  • League: Master
  • Spawn Location: 1:00

lIlIlIlIlIlI - Winner!

  • Race: Terran Terran
  • League: Master
  • Spawn Location: 7:00

VOD

Have the link to the VOD?

Description

Time

  • Played on: Feb. 28, 2021, 10:20 a.m.
  • Length: 9:00
Show
View Real Time Build Order
Export as new Build Order

TwinkleToSS Protoss 

Build Orders: Proxy Void Ray 

Get SALT Encoding   

  12  0:08  Pylon  
  12  0:12  Probe  
  13  0:26  Gateway  
  13  0:29  Probe (Chrono Boost)  
  14  0:41  Assimilator, Probe (Chrono Boost)  
  15  0:48  Probe (Chrono Boost)  
  15  0:49  Assimilator  
  16  0:55  Probe  
  17  1:07  Probe  
  18  1:13  Cybernetics Core  
  18  1:20  Probe  
  18  1:23  Pylon  
  19  1:32  Probe  
  20  1:44  Probe  
  21  1:49  Stargate  
  21  1:50  Shield Battery  
  21  1:55  Shield Battery  
  21  1:59  Probe  
  22  2:08  Adept  
  24  2:18  Probe  
  25  2:24  Void Ray (Chrono Boost)  
  25  2:29  Pylon  
  25  2:35  Probe  
  30  2:51  Void Ray (Chrono Boost)  
  30  2:52  Shield Battery  
  34  3:11  Pylon  
  34  3:25  Void Ray (Chrono Boost)  
  34  3:32  Shield Battery x2  
  38  3:35  Shield Battery  
  38  3:41  Robotics Facility  
  38  4:01  Void Ray  
  34  4:08  Probe  
  39  4:13  Shield Battery  
  39  4:15  Shield Battery  
  37  4:33  Observer (Chrono Boost)  
  38  4:39  Shield Battery  
  38  4:54  Void Ray (Chrono Boost)  
  42  5:29  Void Ray (Chrono Boost)  
  42  5:31  Observer  
  46  5:45  Shield Battery x2  
  45  5:58  Observer, Probe  
  47  6:06  Nexus  
  47  6:08  Pylon  
  47  6:09  Pylon  
  47  6:11  Pylon  
  47  6:12  Shield Battery  
  47  6:19  Void Ray (Chrono Boost)  
  47  6:20  Forge  
  47  6:21  Observer  
  47  6:24  Probe  
  51  6:45  Observer  
  51  6:54  Void Ray (Chrono Boost)  
  55  7:28  Void Ray (Chrono Boost)  
  51  7:58  Void Ray  
Show
View Real Time Build Order
Export as new Build Order

lIlIlIlIlIlI Terran - Winner!

Build Orders:  

Get SALT Encoding   

  12  0:00  SCV  
  13  0:12  SCV  
  14  0:17  Supply Depot  
  14  0:24  SCV  
  15  0:38  SCV  
  15  0:40  Barracks  
  16  0:47  Refinery  
  16  0:51  SCV  
  17  1:03  SCV  
  18  1:15  SCV  
  19  1:27  Marine, Orbital Command  
  20  1:36  Command Center  
  20  1:46  Barracks Reactor  
  20  1:48  Bunker  
  20  1:52  SCV  
  21  2:03  Supply Depot  
  21  2:05  SCV  
  22  2:13  Bunker  
  22  2:17  SCV  
  23  2:23  Factory  
  23  2:25  Marine x2  
  25  2:30  SCV  
  25  2:33  Refinery  
  26  2:42  SCV  
  27  2:45  Marine x2  
  27  2:50  Orbital Command  
  29  2:55  SCV  
  30  3:03  Marine x2  
  32  3:08  SCV  
  32  3:11  Widow Mine  
  32  3:12  Starport  
  35  3:17  SCV  
  34  3:20  SCV  
  34  3:21  Marine  
  36  3:30  SCV  
  38  3:34  Widow Mine  
  38  3:39  Marine x2  
  40  3:55  Orbital Command  
  38  3:56  SCV  
  39  4:04  Widow Mine  
  40  4:11  Viking x2  
  40  4:13  Supply Depot  
  40  4:14  Marine  
  44  4:34  Marine  
  46  4:45  Widow Mine, Viking  
  51  4:47  Supply Depot  
  50  4:57  Viking  
  50  5:03  Marine  
  51  5:14  Factory Tech Lab  
  51  5:17  SCV  
  51  5:21  Marine  
  50  5:27  Viking  
  51  5:39  Supply Depot  
  51  5:40  Supply Depot  
  51  5:41  Siege Tank  
  54  5:46  Marine  
  54  5:56  Supply Depot  
  54  6:01  Viking  
  56  6:05  Supply Depot  
  56  6:09  SCV  
  56  6:10  SCV  
  59  6:17  Siege Tank  
  61  6:21  Barracks Reactor  
  61  6:32  Viking  
  62  6:41  SCV  
  62  6:46  SCV  
  64  6:49  Siege Tank  
  64  6:53  SCV  
  62  7:02  Viking  
  57  7:18  Marine x2  
  59  7:23  Widow Mine  
  59  7:27  SCV  
  60  7:36  Starport  
  60  7:37  SCV  
  59  7:48  Marine x2, Widow Mine  
  53  8:04  SCV x2  
  53  8:10  Cyclone  
  56  8:16  SCV  
  55  8:25  Marine, Viking x2  
  59  8:38  SCV  
Tags
 
Add a new tag
Caveats
  • Supply blocks, unpowered buildings, or Contaminate may cause inaccurate times.
  • Supply counts are checked every 10 seconds.